 Dungeon Crawl Stone Soup version 0.17.1-3-g152610e (webtiles) character file.

60168 juanjsm the Unseen (level 14, -4/65 HPs)
             Began as a Spriggan Enchanter on Apr 17, 2016.
             Was an Elder of Ashenzari.
             Slain by Rupert
             ... wielding a +1 great mace of protection
              (35 damage)
             ... on level 2 of the Orcish Mines.
             The game lasted 03:28:14 (21823 turns).

juanjsm the Unseen (Spriggan Enchanter)            Turns: 21823, Time: 03:28:15

Health: -4/65      AC: 10    Str:  8    XL:     14   Next: 55%
Magic:  29/31      EV: 26    Int: 18    God:    Ashenzari [****..]
Gold:   1576       SH: 11    Dex: 20    Spells: 12 memorised, 3 levels left

rFire  + . .     SeeInvis +     o - +8 dagger of the Saviour {holy, rElec rC++ rN+}
rCold  + + .     Clarity  +     U - +2 robe {MR+} (curse)
rNeg   + . .     SustAt   .     Z - +1 buckler of the Centipede {Str+4} (curse)
rPois  .         Gourm    .     (helmet restricted)
rElec  +         Spirit   .     (no cloak)
rCorr  +         Warding  .     (gloves unavailable)
rMut   .         Stasis   .     (boots unavailable)
MR     ++++.                    D - amulet of resist corrosion (curse)
Stlth  +++++++++.               x - ring of protection from fire (curse)
                                n - +4 ring of protection (curse)

@: very slightly contaminated, repel missiles, invisible, very quick, incredibly
resistant to hostile enchantments, incredibly stealthy
A: unfitting armour, large bone plates 1, see invisible, herbivore 3, speed 3,
magic resistance 1, slow metabolism 2, spit poison 2, wild magic 1
a: Spit Poison, Scrying, Renounce Religion


You were on level 2 of the Orcish Mines.
You worshipped Ashenzari.
Ashenzari was greatly pleased with you.
You were not hungry.

You visited 5 branches of the dungeon, and saw 25 of its levels.
You also visited: Bailey.

You collected 1576 gold pieces.

Inventory:

Hand Weapons
 o - the +8 dagger of the Saviour (weapon) {holy, rElec rC++ rN+}
   (You took it off an orc wizard on level 8 of the Dungeon)

   It has been blessed by the Shining One to cause great damage to the undead
   and demons.
   It greatly protects you from cold.
   It insulates you from electricity.
   It protects you from negative energy.
Armour
 U - a cursed +2 robe of magic resistance (worn)
 Z - the cursed +1 buckler of the Centipede (worn) {Str+4}
   (You found it on level 4 of the Lair of Beasts)

   It affects your strength (+4).
   It has a curse placed upon it.
Jewellery
 n - a cursed +4 ring of protection (left hand)
 x - a cursed ring of protection from fire (right hand)
 y - an uncursed amulet of resist mutation
 D - a cursed amulet of resist corrosion (around neck)
Wands
 t - a wand of lightning (7)
 z - a wand of heal wounds (8)
 G - a wand of teleportation (9)
 J - a wand of fire (11)
 R - a wand of digging (4)
 T - a wand of cold (9)
Scrolls
 e - a scroll of magic mapping
 i - 9 scrolls of teleportation
 q - 12 scrolls of immolation
 A - 2 scrolls of fear
 B - 3 scrolls of fog
 C - 4 scrolls of recharging
 N - a scroll of enchant armour
 P - 2 scrolls of curse weapon
 W - 3 scrolls of remove curse
 X - 5 scrolls of identify
 Y - 2 scrolls of summoning
Potions
 b - 8 potions of curing
 c - 5 potions of magic
 h - 5 potions of agility
 j - a potion of flight
 k - 10 potions of heal wounds
 l - a potion of experience {unknown}
 r - 2 potions of ambrosia
 v - 2 potions of cure mutation
 w - 2 potions of cancellation
 F - 4 potions of might
 K - a potion of lignification
Books
 E - a book of Beasts

   Spells                             Type                      Level
   a - Summon Butterflies             Summoning                    1
   b - Call Canine Familiar           Summoning                    3
   c - Summon Ice Beast               Ice/Summoning                4
   d - Summon Mana Viper              Hexes/Summoning              5
   e - Summon Hydra                   Summoning                    7
Miscellaneous
 a - a plain deck of defence {the Shaft}
 f - a phial of floods
 m - a lamp of fire
 s - a plain deck of war {the Dance}
 u - a lantern of shadows
 I - a crystal ball of energy
 Q - a disc of storms
Comestibles
 d - 12 bread rations
 g - 12 royal jellies
 p - 16 fruits


   Skills:
 + Level 3.8 Fighting
 + Level 6.7 Short Blades
 + Level 13.4 Dodging
 + Level 20.5 Stealth
 * Level 4.0(6.1) Shields
 + Level 12.6 Spellcasting
 + Level 2.2(4.9) Conjurations
 + Level 13.0(16.0) Hexes
 + Level 0.4(1.7) Charms
 + Level 6.2(9.8) Ice Magic
 + Level 1.1(3.2) Evocations


You had 3 spell levels left.
You knew the following spells:

 Your Spells              Type           Power        Failure   Level  Hunger
a - Corona                Hex            #######      1%          1    None
b - Ensorcelled Hibernat  Hex/Ice        ######       1%          2    None
c - Confuse               Hex            #######.     1%          3    None
d - Dazzling Spray        Conj/Hex       ######..     1%          3    None
e - Tukima's Dance        Hex            #######.     1%          3    None
f - Blink                 Tloc           N/A          19%         2    None
g - Apportation           Tloc           ###.......   13%         1    None
h - Repel Missiles        Chrm/Air       ###...       19%         2    None
i - Invisibility          Hex            #######.     4%          6    ######.
j - Mephitic Cloud        Conj/Pois/Air  ####....     19%         3    None
k - Passwall              Trmt/Erth      ###.......   30%         3    None
l - Darkness              Hex            #######...   4%          6    ######.


Dungeon Overview and Level Annotations

Branches:
Dungeon (13/15)            Temple (1/1) D:6            Lair (8/8) D:10
  Swamp (0/4) Lair:4       Spider (0/4) Lair:6        Slime (1/6) Lair:6
    Orc (2/4) D:12
 Vaults: D:13-14

Altars:
Ashenzari
Cheibriados
Dithmenos
Elyvilon
Fedhas
Gozag
Kikubaaqudgha
Makhleb
Nemelex Xobeh
Okawaru
Qazlal
Ru
Sif Muna
Trog
Vehumet
Xom
Yredelemnul
Zin
The Shining One
Beogh
Jiyva

Portals:
Hell: Lair:8

Annotations:
D:8 simples's ghost, novice MfBe
D:11 manyhoops's ghost, journeyman DEIE
Lair:5 exclusion: 4 oklob plants
Orc:2 Rupert


Innate Abilities, Weirdness & Mutations

You are tiny and cannot use many weapons and most armour.
You have supernaturally acute eyesight.
You are a herbivore.
You cover ground extremely quickly.
You need consume almost no food.
You are partially covered in large bone plates (AC +2, SH +2).
You are resistant to hostile enchantments.
You can spit poison.
Your spells are a little harder to cast, but a little more powerful.


Message History

The orc wizard is almost dead.
Rupert says, "My Mum always said: 'Kill them all.'" Rupert roars wildly at you.
You resist with almost no effort. The orc completely misses you.
You hit the orc wizard but do no damage.
The orc wizard is almost dead.
The orc wizard barely misses you.
Rupert roars madly and goes into a rage!
Rupert goes berserk!
Found 14 gold pieces.
You hit Rupert but do no damage.
Rupert hits you with a great mace of protection!!
Found 18 gold pieces.
An orc comes into view. It is wielding a mace.
You block Rupert's attack.
There is a stone staircase leading up here.
Rupert rages.
Rupert hits you with a great mace of protection!!
Ouch! That really hurt!
You die...

,,, ,,, *,, ,, , ,,,,,
,....., ,.., .. ,, , ,
, , .....#* #.......,
,* * ,, ,,......
*......o..,,, * * ,***
....o..#...#.....o , *
, , *
,,........#.......$.,,*
* , .........#........
, ***, ,,, ,,,
#o............... ,, ,
,,##......@.......#, ,
, , ∆
#......o@....#.#** ,,,
,, ,, #..#........# * *
, , , #.[....o....# ,,,
,,,, ##.........##* , ,
* , , *
##...........#,* **, ,
, ,#<>..........#, *
,##.............. ***∆
#.....###......, * **


You could see Rupert (berserk), an orc wizard and 4 orcs.

Vanquished Creatures
  Kirke (Lair:8)
  Maud (Lair:4)
  Snorg (D:12)
  Fannar (Lair:2)
  Harold (D:10)
  12 hydras
  A catoblepas (Lair:7)
  A death yak (Lair:2)
  An unseen horror (D:11)
  An orc knight (Bailey)
  Pikel (D:8)
  A hill giant (D:10)
  2 oklob plants (Lair:5)
  A wizard (Lair:8)
  A manticore (D:11)
  4 griffons
  9 black mambas
  10 elephants
  A torpor snail (Lair:5)
  16 spiny frogs
  2 fire drakes
  9 komodo dragons
  A queen bee (Lair:1)
  2 trolls
  A polar bear (Lair:3)
  11 blink frogs
  49 yaks
  3 deep elf magi
  4 basilisks
  A wyvern (Lair:8)
  7 hippogriffs
  3 vampire mosquitoes (D:10)
  2 wraiths (D:10)
  A steam dragon (D:12)
  A warg (Orc:2)
  4 porcupines
  12 water moccasins
  4 ice beasts
  A black bear (D:8)
  17 orc warriors
  An eye of draining (D:11)
  2 sky beasts
  6 ogres
  9 centaurs
  3 phantoms
  12 big kobolds (D:8)
  18 crocodiles
  2 wyvern zombies
  17 giant frogs
  A wyvern skeleton (D:9)
  6 scorpions
  25 killer bees
  2 wights (D:10)
  A giant frog zombie (D:5)
  8 hounds
  3 crimson imps
  A quasit (D:7)
  An electric eel (Lair:5)
  3 centaur zombies
  2 giant frog skeletons
  14 iguanas
  3 jellies
  5 human zombies (D:10)
  16 orc priests
  18 orc wizards
  2 centaur skeletons
  10 worker ants
  An ogre zombie (D:10)
  15 sheep
  A hound skeleton (D:8)
  A mummy (D:10)
  A worker ant zombie (D:6)
  19 gnolls
  22 adders
  52 river rats
  2 shadow imps (D:7)
  An ooze (D:3)
  An adder skeleton (D:10)
  6 worms
  3 giant geckos
  80 orcs
  6 ball pythons
  14 bats
  11 giant cockroaches
  19 hobgoblins
  17 jackals
  29 kobolds
  5 quokkas
  A ball python skeleton (D:4)
  3 giant newts
  6 goblins
  An orc skeleton (D:10)
  A quokka skeleton (D:5)
  4 rats
715 creatures vanquished.

Vanquished Creatures (collateral kills)
  2 killer bees (Lair:1)
2 creatures vanquished.

Vanquished Creatures (others)
  2 humans (Lair:8)
  3 slaves (D:8)
  A centaur (D:11)
  A worker ant (D:8)
  A jackal (D:4)
  17 fungi
  7 plants
32 creatures vanquished.

Grand Total: 749 creatures vanquished

Notes
Turn   | Place    | Note
--------------------------------------------------------------
     0 | D:1      | juanjsm the Spriggan Enchanter began the quest for the Orb.
     0 | D:1      | Reached XP level 1. HP: 9/9 MP: 5/5
   356 | D:1      | Reached XP level 2. HP: 13/13 MP: 6/6
   360 | D:1      | Learned a level 2 spell: Ensorcelled Hibernation
   572 | D:1      | Reached skill level 5 in Stealth
   678 | D:2      | Found a faded altar to an unknown god.
   886 | D:2      | Found a snail-covered altar of Cheibriados.
   941 | D:2      | Reached XP level 3. HP: 16/16 MP: 8/8
  1138 | D:2      | Reached skill level 6 in Stealth
  1160 | D:2      | Reached XP level 4. HP: 11/21 MP: 0/9
  1166 | D:2      | Learned a level 3 spell: Confuse
  2045 | D:3      | Reached XP level 5. HP: 22/25 MP: 3/10
  2050 | D:3      | Learned a level 3 spell: Dazzling Spray
  2427 | D:4      | Found a white marble altar of Elyvilon.
  2438 | D:4      | Reached skill level 1 in Ice Magic
  2590 | D:4      | Reached skill level 7 in Stealth
  2593 | D:5      | Entered Level 5 of the Dungeon
  2654 | D:4      | Reached XP level 6. HP: 29/29 MP: 9/12
  2687 | D:4      | Reached skill level 5 in Hexes
  3063 | D:4      | Reached skill level 1 in Fighting
  3119 | D:4      | Reached skill level 8 in Stealth
  3143 | D:4      | Reached XP level 7. HP: 12/33 MP: 3/13
  3722 | D:5      | Reached skill level 5 in Dodging
  3832 | D:5      | Noticed an ogre
  3836 | D:5      | Noticed an ogre
  3850 | D:5      | Killed an ogre
  3855 | D:5      | Killed an ogre
  3950 | D:5      | Reached skill level 9 in Stealth
  3950 | D:5      | Reached XP level 8. HP: 32/37 MP: 5/15
  3968 | D:5      | Found a sacrificial altar of Ru.
  3989 | D:5      | Found a glowing silver altar of Zin.
  3991 | D:5      | Found an opulent altar of Gozag.
  3993 | D:5      | Found a blossoming altar of Fedhas.
  3994 | D:5      | Found a basalt altar of Yredelemnul.
  4009 | D:5      | Found an iron altar of Okawaru.
  4522 | D:7      | Reached skill level 10 in Stealth
  4874 | D:6      | Found a staircase to the Ecumenical Temple.
  4894 | D:6      | Reached skill level 5 in Spellcasting
  4916 | Temple   | Entered the Ecumenical Temple
  4945 | Temple   | Became a worshipper of Ashenzari the Shackled
  5228 | D:6      | Found a stormy altar of Qazlal.
  5287 | D:6      | Reached XP level 9. HP: 42/42 MP: 17/17
  5292 | D:6      | Reached skill level 11 in Stealth
  6811 | D:8      | Reached skill level 12 in Stealth
  7028 | D:8      | Noticed Pikel
  7054 | D:8      | Identified the +8 dagger of the Saviour {holy, rElec rC++ rN+} (You took it off an orc wizard on level 8 of the Dungeon)
  7055 | D:8      | Killed Pikel
  7055 | D:8      | Reached XP level 10. HP: 28/47 MP: 14/21
  7208 | D:8      | Found a bloodstained altar of Trog.
  7252 | D:8      | Noticed simples's ghost (novice MfBe)
  7252 | D:8      | Reached * piety under Ashenzari
  7530 | D:8      | Noticed a three-headed hydra
  7976 | D:8      | Killed a three-headed hydra
  7976 | D:8      | Reached skill level 13 in Stealth
  7976 | D:8      | Reached skill level 1 in Conjurations
  7993 | D:8      | Reached skill level 10 in Dodging
  8276 | D:10     | Entered Level 10 of the Dungeon
  8468 | D:9      | Noticed a centaur zombie
  8488 | D:9      | Killed a centaur zombie
  8620 | D:9      | Found an ancient bone altar of Kikubaaqudgha.
  9081 | D:10     | Reached skill level 14 in Stealth
  9326 | D:10     | Reached ** piety under Ashenzari
  9352 | D:11     | Noticed an unseen horror
  9517 | D:10     | Reached XP level 11. HP: 51/51 MP: 24/24
  9521 | D:10     | Found a basalt altar of Yredelemnul.
  9677 | D:10     | Noticed Harold
  9715 | D:10     | Killed Harold
  9715 | D:10     | Reached skill level 5 in Short Blades
  9732 | D:11     | Noticed manyhoops's ghost (journeyman DEIE)
  9789 | D:10     | Noticed a hill giant
  9791 | D:10     | Found a staircase to the Lair.
  9792 | D:10     | Killed a hill giant
  9792 | D:10     | Reached skill level 15 in Stealth
 10036 | Lair:1   | Entered Level 1 of the Lair of Beasts
 10939 | Lair:1   | Reached skill level 16 in Stealth
 11438 | Lair:2   | Noticed a death yak
 11439 | Lair:2   | Noticed a death yak
 11441 | Lair:2   | Noticed a death yak
 11530 | Lair:2   | Reached *** piety under Ashenzari
 11577 | Lair:2   | Reached skill level 10 in Hexes
 11621 | Lair:3   | Noticed a six-headed hydra
 11737 | Lair:2   | Reached XP level 12. HP: 50/56 MP: 1/26
 11836 | Lair:2   | Noticed Fannar
 11854 | Lair:2   | Killed Fannar
 12359 | Lair:2   | Killed a death yak
 13233 | Lair:3   | Learned a level 3 spell: Tukima's Dance
 13236 | Lair:3   | Learned a level 2 spell: Blink
 13756 | Lair:3   | Reached skill level 17 in Stealth
 13756 | Lair:3   | Reached skill level 10 in Spellcasting
 13796 | Lair:4   | Noticed Maud
 13817 | Lair:3   | Killed a six-headed hydra
 14260 | Lair:4   | Found a staircase to the Swamp.
 14312 | Lair:4   | Reached **** piety under Ashenzari
 14372 | Lair:4   | Identified the +1 buckler of the Centipede {Str+4}
 14435 | Lair:4   | Killed Maud
 15088 | Lair:4   | Learned a level 1 spell: Apportation
 15110 | Lair:4   | Gained mutation: You are resistant to hostile enchantments. [potion of mutation]
 15110 | Lair:4   | Gained mutation: You can spit weak poison. [potion of mutation]
 15110 | Lair:4   | Gained mutation: You can spit poison. [potion of mutation]
 15213 | Lair:5   | Noticed a four-headed hydra
 15235 | Lair:5   | Killed a four-headed hydra
 15240 | Lair:5   | Reached ***** piety under Ashenzari
 15291 | Lair:5   | Noticed a four-headed hydra
 15298 | Lair:5   | Killed a four-headed hydra
 15385 | Lair:5   | Reached skill level 18 in Stealth
 15391 | Lair:5   | Reached skill level 1 in Evocations
 15393 | Lair:5   | Reached skill level 5 in Ice Magic
 15409 | Lair:5   | Reached XP level 13. HP: 41/60 MP: 16/28
 15460 | Lair:5   | Gained mutation: You are partially covered in large bone plates (AC +2, SH +2). [potion of beneficial mutation]
 15461 | Lair:5   | Gained mutation: Your spells are a little harder to cast, but a little more powerful. [potion of beneficial mutation]
 15518 | Lair:5   | Found a runed door.
 15553 | Lair:5   | Noticed a five-headed hydra
 15559 | Lair:5   | Killed a five-headed hydra
 15597 | Lair:6   | Noticed a six-headed hydra
 16345 | Lair:6   | Learned a level 2 spell: Repel Missiles
 16359 | Lair:6   | Found a hole to the Spider Nest.
 16713 | Lair:8   | Entered Level 8 of the Lair of Beasts
 16827 | Lair:6   | Reached skill level 19 in Stealth
 16887 | Lair:6   | Killed a six-headed hydra
 16936 | Lair:6   | Found a viscous altar of Jiyva.
 16937 | Lair:6   | Found a staircase to the Slime Pits.
 16943 | Slime:1  | Entered Level 1 of the Pits of Slime
 17363 | Lair:7   | Learned a level 6 spell: Invisibility
 17521 | Lair:7   | Learned a level 3 spell: Mephitic Cloud
 17606 | Lair:7   | Reached skill level 1 in Shields
 18376 | Lair:8   | Noticed Kirke
 18400 | Lair:8   | Killed Kirke
 18414 | Lair:8   | Reached ****** piety under Ashenzari
 18642 | Lair:8   | Reached XP level 14. HP: 65/65 MP: 13/31
 19074 | Lair:8   | Reached skill level 20 in Stealth
 19118 | Lair:8   | Found a burning altar of Makhleb.
 19118 | Lair:8   | Found a gateway to Hell.
 19417 | Lair:2   | Learned a level 3 spell: Passwall
 19424 | Lair:2   | Learned a level 6 spell: Darkness
 19696 | D:11     | Killed an unseen horror
 19787 | D:11     | Noticed a griffon
 19916 | D:11     | Noticed a hill giant
 19918 | D:11     | Noticed a manticore
 19923 | D:11     | Killed a manticore
 20032 | D:11     | Killed a griffon
 20377 | D:12     | Found a staircase to the Orcish Mines.
 20577 | D:12     | Noticed Snorg
 20600 | D:12     | Killed Snorg
 20644 | D:12     | Found a roughly hewn altar of Beogh.
 21004 | Orc:1    | Entered Level 1 of the Orcish Mines
 21039 | Orc:1    | Found a flagged portal.
 21140 | Bailey   | Entered a bailey
 21808 | Orc:2    | Noticed Rupert
 21823 | Orc:2    | Slain by Rupert

Action                   |  1- 3 |  4- 6 |  7- 9 | 10-12 | 13-15 || total
-------------------------+-------+-------+-------+-------+-------++-------
Melee: Dagger            |    68 |   140 |   442 |   504 |   529 ||  1683
 Cast: Ensorcelled Hiber |     7 |    35 |    53 |   135 |   170 ||   400
       Dazzling Spray    |       |     2 |    25 |    54 |    25 ||   106
       Confuse           |       |       |    18 |    59 |    28 ||   105
       Corona            |       |       |       |     1 |       ||     1
       Invisibility      |       |       |       |       |     7 ||     7
       Repel Missiles    |       |       |       |       |     1 ||     1
       Mephitic Cloud    |       |       |       |       |     3 ||     3
       Apportation       |       |       |       |       |     1 ||     1
Invok: Scrying           |       |       |       |       |     5 ||     5
 Abil: Evoke Invisibilit |       |       |       |     6 |     1 ||     7
       Spit Poison       |       |       |       |       |     1 ||     1
  Use: Scroll            |       |       |     4 |    31 |    14 ||    49
       Potion            |       |       |       |     8 |     3 ||    11
 Stab: Sleeping          |    18 |    37 |    45 |   132 |   142 ||   374
       Invisible         |       |     1 |    13 |    34 |    53 ||   101
       Confused          |       |       |     6 |    22 |    20 ||    48
       Distracted        |       |       |     1 |     3 |     5 ||     9
  Eat: Fruit             |       |     2 |     2 |       |     9 ||    13
       Bread ration      |       |       |     1 |       |       ||     1
       Pizza             |       |       |     1 |     7 |     2 ||    10
